 Dungeon Crawl Stone Soup version 0.16-a0-3606-g1520cdc (webtiles) character file.

185197 PolkaDot the Maledictor (level 17, -11/101 HPs)
             Began as a Vampire Enchanter on Jan 13, 2015.
             Was the Champion of Ashenzari.
             Mangled by a deep elf blademaster
             ... wielding a +0 quick blade
              (13 damage)
             ... on level 3 of the Elven Halls.
             The game lasted 03:02:54 (42725 turns).

PolkaDot the Maledictor (Vampire Enchanter)        Turns: 42725, Time: 03:02:54

Health: -11/101    AC: 20    Str:  7      XL:     17   Next: 80%
Magic:  39/50      EV: 16    Int: 21 (22) God:    Ashenzari [******]
Gold:   1420       SH:  8    Dex: 20      Spells: 9 memorised, 2 levels left

rFire  + + +     SeeInvis +     b - +3 falchion of Premature Burial {vamp, rF++ rN+ MR++ Dex+3 Stlth+}
rCold  + + .     Clarity  +     V - +4 troll leather armour (curse)
rNeg   + + +     SustAb   +     E - +0 buckler of Articulation {+Twstr rF+ MP+9} (curse)
rPois  +         Gourm    .     B - +2 helmet {SInv} (curse)
rElec  .         Spirit   .     H - +2 cloak (curse)
rCorr  +         Warding  .     x - +1 pair of gloves of the Shore {+Twstr MP+9 Dex+3 SInv} (curse)
rMut   .         Stasis   .     t - +2 pair of boots (curse)
MR     ++++.                    k - amulet of resist corrosion (curse)
Stlth  ++++++++++               O - ring of protection from fire (curse)
                                m - ring of sustain abilities (curse)

@: silence, regenerating slowly, incredibly resistant to hostile enchantments,
uncannily stealthy
A: bottle blood, claws 2, fangs 3, see invisible, magic resistance 1, mutation
resistance 1, spit poison 1, unbreathing
a: Spit Poison, Bat Form, Renounce Religion, Evoke Twister


You were on level 3 of the Elven Halls.
You worshipped Ashenzari.
Ashenzari was exalted by your worship.
You were near bloodless.

You visited 5 branches of the dungeon, and saw 31 of its levels.
You also visited: Labyrinth, Sewer, Ossuary, Bailey and Ice Cave.

You collected 3544 gold pieces.
You spent 1800 gold pieces at shops.

Inventory:

Hand weapons
 a - a +5 dagger of electrocution
 b - the +3 falchion of Premature Burial (weapon) {vamp, rF++ rN+ MR++ Dex+3 Stlth+}
   (You found it on level 14 of the Dungeon)

   It inflicts no extra harm, but heals its wielder somewhat when it strikes a
   living foe.
   It affects your dexterity (+3).
   It greatly protects you from fire.
   It protects you from negative energy.
   It affects your resistance to hostile enchantments.
   It makes you more stealthy.
Missiles
 T - a throwing net (quivered)
Armour
 t - a cursed +2 pair of boots (worn)
 x - the cursed +1 pair of gloves of the Shore (worn) {+Twstr MP+9 Dex+3 SInv}
   (You found it in an ice cave)

   It affects your dexterity (+3).
   It affects your magic capacity (+9).
   It enhances your eyesight.
   It can be evoked to create a twister.
   It has a curse placed upon it.
 B - a cursed +2 helmet of see invisible (worn)
 E - the cursed +0 buckler of Articulation (worn) {+Twstr rF+ MP+9}
   (You found it on level 2 of the Elven Halls)

   It protects you from fire.
   It affects your magic capacity (+9).
   It can be evoked to create a twister.
   It has a curse placed upon it.
 H - a cursed +2 cloak (worn)
 V - a cursed +4 troll leather armour (worn)
Rods
 Q - a +0 rod of ignition (10/10)
   (You found it in a bailey)
Jewellery
 k - a cursed amulet of resist corrosion (around neck)
 m - a cursed ring of sustain abilities (left hand)
 q - an uncursed ring of protection from fire
 O - a cursed ring of protection from fire (right hand)
Magical devices
 f - a wand of cold (0)
 h - a wand of teleportation (5)
 v - a wand of teleportation (2)
 A - a wand of hasting (1)
 G - a wand of draining (8)
 N - a wand of digging (11)
 W - a wand of invisibility (4)
Scrolls
 c - a scroll of blinking
 d - a scroll of torment
 i - 12 scrolls of teleportation
 r - 3 scrolls of magic mapping
 w - 4 scrolls of immolation
 y - 3 scrolls of remove curse
 C - 7 scrolls of amnesia
 D - 2 scrolls of recharging
 F - a scroll of enchant armour
 L - 7 scrolls of fog
 P - a scroll of silence
 U - 6 scrolls of identify
 Z - 2 scrolls of curse jewellery
Potions
 g - 2 potions of flight
 j - 2 potions of blood {@*1}
 l - 5 potions of restore abilities
 n - 2 potions of cancellation
 o - 7 potions of brilliance
 p - 2 potions of agility
 u - 9 potions of curing
 z - 2 potions of cure mutation {!q}
 J - 2 potions of resistance
 R - 3 potions of haste
Books
 e - a book of Unlife

   Spells                             Type                      Level
   a - Recall                         Summoning/Translocation      3
   b - Animate Dead                   Necromancy                   4
   c - Control Undead                 Necromancy                   4
   d - Cigotuvi's Embrace             Necromancy                   5
   e - Death Channel                  Necromancy                   6
   f - Simulacrum                     Ice/Necromancy               6
 s - a book of Air

   Spells                             Type                      Level
   a - Shock                          Conjuration/Air              1
   b - Swiftness                      Charms/Air                   2
   c - Repel Missiles                 Charms/Air                   2
   d - Flight                         Charms/Air                   3
   e - Static Discharge               Conjuration/Air              3
   f - Lightning Bolt                 Conjuration/Air              5
 I - an Akashic Record {highlevel}

   This book is beyond your current level of understanding.

   Spells                             Type                      Level
   a - Dispersal                      Translocation                6
   b - Controlled Blink               Translocation                7
   c - Malign Gateway                 Summoning/Translocation      7
   d - Disjunction                    Translocation                8
   e - Singularity                    Translocation                9
 K - a book of Geomancy

   Spells                             Type                      Level
   a - Sandblast                      Earth                        1
   b - Stoneskin                      Transmutation/Earth          2
   c - Passwall                       Transmutation/Earth          3
   d - Stone Arrow                    Conjuration/Earth            3
   e - Petrify                        Transmutation/Earth          4
   f - Lee's Rapid Deconstruction     Earth                        5
 S - a book of Enchantments

   Spells                             Type                      Level
   a - Tukima's Dance                 Hexes                        3
   b - Cause Fear                     Hexes                        4
   c - Silence                        Hexes/Air                    5
   d - Deflect Missiles               Charms/Air                   6
   e - Haste                          Charms                       6
   f - Discord                        Hexes                        8
 X - a book of the Warp

   Spells                             Type                      Level
   a - Recall                         Summoning/Translocation      3
   b - Control Teleport               Charms/Translocation         4
   c - Force Lance                    Conjuration/Translocation    4
   d - Phase Shift                    Translocation                5
   e - Warp Weapon                    Charms/Translocation         5
   f - Summon Forest                  Summoning/Translocation      5
   g - Gell's Gravitas                Hexes/Translocation          6
Miscellaneous
 M - a lamp of fire
 Y - a sack of spiders


   Skills:
 - Level 11.5(14.1) Short Blades
 - Level 12.7(14.1) Long Blades
 - Level 4.3 Armour
 + Level 2.2(5.7) Dodging
 - Level 20.8(24.3) Stealth
 - Level 8.6(11.5) Shields
 * Level 7.9 Spellcasting
 - Level 23.1(26.4) Hexes
 - Level 3.3(7.3) Translocations
 - Level 1.4(4.3) Ice Magic


You had 2 spell levels left.
You knew the following spells:

 Your Spells              Type           Power        Failure   Level  Hunger
a - Corona                Hex            #######      0%          1    None
b - Sure Blade            Hex/Chrm       ######....   1%          2    None
c - Confuse               Hex            #######.     0%          3    None
d - Ensorcelled Hibernat  Hex/Ice        ######       1%          2    None
e - Enslavement           Hex            #######.     0%          4    ###....
v - Summon Mana Viper     Hex/Summ       ######..     1%          5    #####..
A - Apportation           Tloc           #####.....   1%          1    None
I - Invisibility          Hex            #######.     1%          6    ######.
Q - Silence               Hex/Air        ######....   1%          5    #####..


Dungeon Overview and Level Annotations

Branches:
Dungeon (15/15)            Temple (1/1) D:7            Lair (8/8) D:9
 Shoals (0/5) Lair:5        Snake (0/5) Lair:4        Slime (0/6) Lair:8
    Orc (4/4) D:11            Elf (3/3) Orc:3        Vaults (0/5) D:14
 Depths (0/5) D:15

Altars:
Ashenzari
Cheibriados
Dithmenos
Elyvilon
Fedhas
Gozag
Kikubaaqudgha
Makhleb
Nemelex Xobeh
Okawaru
Qazlal
Ru
Sif Muna
Trog
Vehumet
Xom
Yredelemnul
Zin
The Shining One
Beogh
Lugonu

Shops:
D:13 %   Orc:4 :[*(   Elf:1 :   Elf:2 (

Annotations:
D:14 Rupert
Lair:4 exclusion: ice statue
Elf:2 runed door
Abyss:1 Agnes


Innate Abilities, Weirdness & Mutations

You heal slowly.
You can bottle blood from corpses.
You have razor-sharp teeth.
You have supernaturally acute eyesight.
You can survive without breathing.
You have very sharp fingernails.
You are resistant to hostile enchantments.
You are somewhat resistant to further mutation.
You can spit poison.


Message History

Your mana viper completely misses the deep elf blademaster.
The deep elf blademaster hits your mana viper with a quick blade!!
Your mana viper dies!
The deep elf blademaster barely misses your mana viper.
The ynoxinul gestures.
Your mana viper bites the deep elf blademaster!
The blue devil swoops through the air toward you!
You block the blue devil's attack.
Read which item? (? for menu, Esc to quit)
Okay, then.
Evoke which item? (* to show all) (? for menu, Esc to quit)
Okay, then.
Your mana viper bites the blue devil but does no damage.
The ynoxinul gestures.
Your mana viper bites the blue devil!!
Your mana viper disappears in a puff of smoke!
The deep elf blademaster hits you with a quick blade!
* * * LOW HITPOINT WARNING * * *
The deep elf blademaster hits you with a quick blade!
You die...

,,,,,,**,,,..........#
,,,,,,,*,,...........#
,,,,,,,,,,,,.........#
,,,,,,,.....,,......#*
*,,,.........,##....#
,*,,.........##..)ยง#*
**,*(.......*#.e...#
,###*#...#.###4.e4##
....###..#.#..35@##
............5e.5##
#............5###
**#.....(...###
#######.################
....(.#................#
....))#...........%....#
.....))).).((..........#
#####)####(###########'#


You could see a deep elf blademaster, a deep elf sorcerer, a deep elf high
priest, a hellwing, a blue devil, a ynoxinul and 4 ufetubi.

Vanquished Creatures
  Norris (D:14)
  Saint Roka (Orc:4)
  An Ice Fiend (IceCv)
  A deep elf blademaster (Elf:3)
  Kirke (D:15)
  Donald (D:14)
  Maud (Lair:7)
  An orc warlord (Bailey)
  2 deep elf sorcerers (Elf:3)
  4 deep elf demonologists (Elf:3)
  Azrael (D:15)
  Snorg (Lair:8)
  A minotaur (Lab)
  2 deep elf high priests (Elf:3)
  2 fire dragons (D:15)
  A deep elf death mage (Elf:3)
  The ghost of Uberwunderbarhen the Unseen, a powerful SpEn of Ashenzari (Lair:5)
  Fannar (D:11)
  Harold (D:12)
  Nessos (D:15)
  11 hydras
  Erica (Lair:3)
  11 death yaks (Lair:8)
  An orc high priest (Orc:4)
  A centaur warrior (D:15)
  2 tengu warriors (D:13)
  Nergalle (Orc:4)
  4 catoblepae (Lair:8)
  A deep elf knight (Elf:2)
  7 ice devils
  Erolcha (Orc:3)
  8 hill giants
  2 deep elf summoners (Elf:2)
  4 unseen horrors
  A lindwurm (Lair:8)
  An oklob plant (Lair:6)
  3 griffons
  2 orc sorcerers (Orc:4)
  A cyclops (D:15)
  4 manticores
  4 orc knights
  15 elephants
  7 black mambas
  8 ugly things
  Maurice (D:8)
  The ghost of Charly the Cleaver, an experienced HOGl of Qazlal (D:6)
  Psyche (Orc:2)
  12 spiny frogs
  11 komodo dragons
  5 fire drakes
  2 tengu conjurers (D:14)
  5 anaconda simulacra (IceCv)
  7 trolls
  2 two-headed ogres (D:14)
  2 freezing wraiths
  4 deep elf priests
  A merfolk (D:11)
  2 polar bears
  3 blue devils (IceCv)
  A queen bee (shapeshifter) (D:15)
  A trapdoor spider zombie (D:8)
  5 blink frogs (Lair:6)
  Prince Ribbit (D:4)
  4 ravens
  A shadow (D:12)
  9 basilisks
  6 wyverns
  A wraith (D:11)
  7 deep elf magi
  A dire elephant simulacrum (IceCv)
  A hog (D:15)
  2 spriggans
  Eustachio (D:4)
  13 hippogriffs
  26 yaks
  15 humans
  3 harpy simulacra (IceCv)
  A death yak simulacrum (IceCv)
  2 wargs
  12 deep elf fighters
  4 iron troll simulacra (IceCv)
  4 hungry ghosts
  5 vampire mosquitoes
  9 wolves
  2 mottled dragons
  A naga (Lair:4)
  A soldier ant (D:13)
  12 water moccasins
  A black bear (Lair:1)
  An ettin simulacrum (IceCv)
  4 hell hounds (Lair:7)
  A hydra simulacrum (IceCv)
  35 orc warriors
  13 porcupines
  6 sky beasts
  12 ice beasts
  3 phantoms
  13 ogres
  5 necrophages
  A small abomination (Elf:3)
  3 boring beetles
  21 crocodiles
  15 centaurs
  4 big kobolds
  2 wyvern zombies
  18 giant frogs
  An elf zombie (Ossuary)
  A gnoll sergeant (D:11)
  8 killer bees
  3 scorpions
  A draconian simulacrum (IceCv)
  9 centaur zombies
  5 wights (D:8)
  2 electric eels (Lair:6)
  2 goliath beetles (D:6)
  5 crimson imps
  A giant frog zombie (D:11)
  A quasit (D:9)
  8 jellies
  5 hounds
  10 iguanas
  26 orc priests
  6 centaur skeletons
  A giant frog skeleton (D:12)
  A human zombie (Ossuary)
  28 orc wizards
  A polar bear simulacrum (IceCv)
  11 worker ants
  3 troll simulacra (IceCv)
  A spriggan simulacrum (IceCv)
  A wolf simulacrum (IceCv)
  2 big kobold zombies (Ossuary)
  Ijyb (D:4)
  7 sheep
  2 hound zombies
  Terence (D:1)
  6 mummies
  An ogre simulacrum (IceCv)
  2 worker ant zombies
  26 gnolls
  51 river rats
  32 adders
  3 naga simulacra (IceCv)
  A worm (D:3)
  4 giant mites
  14 white imps
  3 shadow imps
  7 ufetubi
  An adder zombie (Ossuary)
  An adder skeleton (D:9)
  17 giant geckos
  13 oozes
  181 orcs
  6 ball pythons
  9 giant cockroaches
  49 goblins
  33 hobgoblins
  16 jackals
  34 kobolds
  17 bats
  A giant gecko skeleton (D:9)
  17 giant newts
  2 gnoll zombies (Ossuary)
  2 goblin zombies (Ossuary)
  A hobgoblin zombie (D:7)
  A jackal zombie (Ossuary)
  An orc zombie (Ossuary)
  11 quokkas
  15 rats
  2 rat zombies
  7 ballistomycetes (D:7)
  13 plants (Lair:8)
1249 creatures vanquished.

Vanquished Creatures (collateral kills)
  2 deep elf master archers (Elf:3)
  An iron dragon (shapeshifter) (Elf:1)
  A deep elf annihilator (Elf:1)
  5 deep elf death magi (Elf:3)
  4 deep elf high priests
  A hydra (D:15)
  2 dancing weapons (Elf:2)
  An orc high priest (Orc:4)
  6 deep elf knights
  2 deep elf summoners (Elf:1)
  7 deep elf conjurers
  An orc sorcerer (Elf:2)
  A cyclops (shapeshifter) (Elf:1)
  4 elephants
  A rust devil (Elf:3)
  An ugly thing (D:15)
  A spiny frog (shapeshifter) (Elf:2)
  2 gargoyles
  A sixfirhy (Elf:3)
  A demonic crawler (Elf:3)
  A blue devil (Elf:3)
  4 deep elf priests (Elf:1)
  2 redbacks (Elf:1)
  16 deep elf magi
  3 fire elementals (D:15)
  14 deep elf fighters
  2 harpy simulacra (IceCv)
  2 hell hounds (D:15)
  2 killer bees (D:10)
  An electric eel (Elf:3)
  An orc priest (Orc:4)
  6 hell rats
  An iguana (Lair:4)
  An orc wizard (Orc:3)
  An adder (Lair:4)
  An ufetubus (Orc:4)
  12 orcs
115 creatures vanquished.

Vanquished Creatures (others)
  A merfolk impaler (Elf:3)
  Urug (Orc:4)
  5 mana vipers (Elf:3)
  A deep elf conjurer (Elf:1)
  3 ugly things (D:15)
  A cyclops (D:14)
  An anaconda simulacrum (IceCv)
  A deep elf priest (Elf:2)
  A ynoxinul (Orc:4)
  5 humans (D:15)
  A harpy simulacrum (IceCv)
  2 hell hounds (D:15)
  An ice beast (Lair:4)
  2 orc warriors (Orc:4)
  A lost soul (Elf:3)
  2 crocodiles (Lair:8)
  A wyvern zombie (D:14)
  2 orc priests (D:8)
  2 orc wizards
  3 orcs (Orc:4)
  A giant spore (D:7)
  A kobold (D:8)
  A bush (D:11)
  6 fungi
  9 plants
55 creatures vanquished.

Grand Total: 1419 creatures vanquished

Notes
Turn   | Place    | Note
--------------------------------------------------------------
     0 | D:1      | PolkaDot, the Vampire Enchanter, began the quest for the Orb.
     0 | D:1      | Reached XP level 1. HP: 13/13 MP: 3/3
   446 | D:1      | Reached skill level 5 in Stealth
   446 | D:1      | Reached XP level 2. HP: 19/19 MP: 4/4
  1184 | D:1      | Reached skill level 5 in Hexes
  1233 | D:1      | Learned a level 2 spell: Ensorcelled Hibernation
  1469 | D:1      | Reached XP level 3. HP: 24/24 MP: 3/6
  1893 | D:2      | Noticed Terence
  1928 | D:1      | Killed Terence
  2375 | D:2      | Reached XP level 4. HP: 30/30 MP: 7/7
  2380 | D:2      | Learned a level 3 spell: Confuse
  2597 | D:2      | Found a sparkling altar of Nemelex Xobeh.
  2716 | D:2      | Reached skill level 6 in Hexes
  3027 | D:3      | Noticed an orc warrior
  3078 | D:3      | Reached XP level 5. HP: 31/35 MP: 1/9
  3137 | D:3      | Found a glowing drain.
  3144 | Sewer    | Entered a sewer
  3587 | Sewer    | Reached skill level 7 in Hexes
  4654 | Sewer    | Reached XP level 6. HP: 41/41 MP: 5/10
  4658 | Sewer    | Reached skill level 8 in Hexes
  5127 | D:3      | Found a sacrificial altar of Ru.
  5148 | D:3      | Killed an orc warrior
  5152 | D:3      | Reached XP level 7. HP: 46/46 MP: 1/12
  5525 | D:4      | Noticed Eustachio
  5530 | D:4      | Killed Eustachio
  5530 | D:4      | Reached skill level 9 in Hexes
  5581 | D:4      | Noticed Ijyb
  5662 | D:4      | Killed Ijyb
  5735 | D:4      | Noticed Prince Ribbit
  5777 | D:4      | Killed Prince Ribbit
  5777 | D:4      | Reached skill level 10 in Hexes
  5777 | D:4      | Reached XP level 8. HP: 52/52 MP: 6/13
  6108 | D:4      | Reached skill level 5 in Short Blades
  6539 | D:5      | Entered Level 5 of the Dungeon
  6660 | D:5      | Learned a level 4 spell: Enslavement
  6662 | D:5      | Gained mutation: You are resistant to hostile enchantments. [potion of mutation]
  6662 | D:5      | Gained mutation: You have sharp fingernails. [potion of mutation]
  6662 | D:5      | Gained mutation: You can spit poison. [potion of mutation]
  6970 | D:5      | Reached skill level 11 in Hexes
  7016 | D:5      | Found a shadowy altar of Dithmenos.
  7385 | D:5      | Found a snail-covered altar of Cheibriados.
  7638 | D:6      | Found a shattered altar of Ashenzari.
  7658 | D:6      | Became a worshipper of Ashenzari the Shackled
  7845 | D:6      | Reached skill level 12 in Hexes
  8032 | D:6      | Found a glowing silver altar of Zin.
  8034 | D:6      | Noticed an angel
  8035 | D:6      | Reached skill level 10 in Stealth
  8041 | D:6      | Found a shimmering altar of Xom.
  8049 | D:6      | Noticed Charly's ghost (experienced HOGl)
  8072 | D:6      | Killed Charly's ghost
  8072 | D:6      | Reached XP level 9. HP: 57/57 MP: 9/14
  8169 | D:6      | Found an opulent altar of Gozag.
  8249 | D:6      | Learned a level 2 spell: Sure Blade
  8331 | D:7      | Found a sand-covered staircase.
  8336 | Ossuary  | Entered an ossuary
  8993 | D:7      | Found a staircase to the Ecumenical Temple.
  9002 | Temple   | Entered the Ecumenical Temple
  9025 | Temple   | Acquired Ashenzari's first power
  9410 | D:7      | Reached skill level 13 in Hexes
  9916 | D:8      | Found a radiant altar of Vehumet.
  9977 | D:8      | Noticed Maurice
  9985 | D:8      | Killed Maurice
 10075 | D:8      | Reached skill level 14 in Hexes
 10135 | D:8      | Noticed an unseen horror
 10145 | D:8      | Killed an unseen horror
 10145 | D:8      | Reached XP level 10. HP: 55/63 MP: 11/16
 11435 | D:9      | Reached skill level 15 in Hexes
 11648 | D:9      | Acquired Ashenzari's second power
 12439 | D:9      | Found a blossoming altar of Fedhas.
 12502 | D:9      | Reached skill level 16 in Hexes
 12514 | D:9      | Found a staircase to the Lair.
 12695 | D:10     | Entered Level 10 of the Dungeon
 12705 | D:10     | Reached XP level 11. HP: 68/68 MP: 14/17
 12985 | D:10     | Noticed a hill giant
 13139 | D:10     | Noticed a hill giant
 13183 | D:10     | Killed a hill giant
 14037 | D:10     | Killed a hill giant
 14037 | D:10     | Reached skill level 17 in Hexes
 14285 | D:11     | Reached skill level 10 in Short Blades
 14387 | D:11     | Noticed a hill giant
 14392 | D:11     | Killed a hill giant
 14402 | D:11     | Noticed a hill giant
 14416 | D:11     | Killed a hill giant
 14535 | D:11     | Found a staircase to the Orcish Mines.
 14563 | D:11     | Gained mutation: You are somewhat resistant to further mutation. [potion of beneficial mutation]
 14579 | D:11     | Found a roughly hewn altar of Beogh.
 14941 | D:11     | Noticed Fannar
 14956 | D:11     | Killed Fannar
 15155 | D:11     | Found a blossoming altar of Fedhas.
 15291 | D:11     | Reached skill level 18 in Hexes
 15533 | D:11     | Acquired Ashenzari's third power
 16042 | D:12     | Reached skill level 15 in Stealth
 16111 | D:12     | Found a deep blue altar of Sif Muna.
 16113 | D:12     | Reached XP level 12. HP: 70/74 MP: 15/18
 16613 | D:12     | Noticed a hill giant
 16620 | D:12     | Killed a hill giant
 17197 | D:12     | Noticed Harold
 17200 | D:12     | Killed Harold
 17200 | D:12     | Reached skill level 19 in Hexes
 17486 | D:13     | Found Testelix's Food Shoppe.
 18168 | D:14     | Found a gate to the Vaults.
 18168 | D:14     | Noticed a seven-headed hydra
 18168 | D:14     | Noticed Rupert
 18168 | D:14     | Noticed Norris
 18168 | D:14     | Noticed Donald
 18400 | D:14     | Killed Donald
 18400 | D:14     | Reached skill level 1 in Armour
 18400 | D:14     | Reached skill level 20 in Hexes
 18921 | D:14     | Acquired Ashenzari's fourth power
 19038 | D:15     | Entered Level 15 of the Dungeon
 19128 | D:15     | Found a burning altar of Makhleb.
 19145 | D:15     | Noticed a seven-headed hydra
 19159 | D:15     | Killed a seven-headed hydra
 19354 | D:15     | Reached XP level 13. HP: 79/79 MP: 19/19
 19360 | D:15     | Noticed a fire dragon
 19361 | D:15     | Noticed a fire dragon
 19363 | D:15     | Found a staircase to the Depths.
 19368 | D:15     | Killed a fire dragon
 19373 | D:15     | Killed a fire dragon
 19618 | D:15     | Noticed Nessos
 19624 | D:15     | Killed Nessos
 19918 | D:15     | Noticed Kirke
 19925 | D:15     | Killed Kirke
 19925 | D:15     | Reached skill level 21 in Hexes
 19945 | D:15     | Noticed Azrael
 20125 | D:15     | Killed Azrael
 21080 | D:14     | Identified the +3 falchion of Premature Burial {vamp, rF++ rN+ MR++ Dex+3 Stlth+}
 21145 | D:14     | Killed Norris
 21183 | D:14     | Reached skill level 22 in Hexes
 21856 | D:12     | Reached XP level 14. HP: 85/85 MP: 11/20
 22012 | Lair:1   | Entered Level 1 of the Lair of Beasts
 22220 | Lair:1   | Found a radiant altar of Vehumet.
 22412 | Lair:1   | Reached skill level 1 in Shields
 25130 | Lair:3   | Noticed Erica
 25138 | Lair:3   | Killed Erica
 25557 | Lair:4   | Found a staircase to the Snake Pit.
 25912 | Lair:4   | Reached skill level 5 in Long Blades
 26132 | Lair:4   | Reached skill level 23 in Hexes
 26484 | Lair:4   | Learned a level 1 spell: Apportation
 27685 | Lair:5   | Found a staircase to the Shoals.
 27708 | Lair:5   | Noticed Uberwunderbarhen's ghost (powerful SpEn)
 27722 | Lair:5   | Killed Uberwunderbarhen's ghost
 28386 | Lair:5   | Learned a level 6 spell: Invisibility
 29301 | Lair:6   | Reached skill level 5 in Shields
 29357 | Lair:6   | Reached skill level 1 in Ice Magic
 29708 | Lair:7   | Noticed Maud
 29718 | Lair:7   | Killed Maud
 29737 | Lair:7   | Found a labyrinth entrance.
 29790 | Lab      | Entered a labyrinth
 29798 | Lab      | Reached XP level 15. HP: 90/90 MP: 24/24
 29880 | Lab      | Identified the Guide on Hexes (You found it in a labyrinth)
 30768 | Lair:8   | Entered Level 8 of the Lair of Beasts
 31120 | Lair:8   | Noticed Snorg
 31127 | Lair:8   | Killed Snorg
 31941 | Lair:8   | Reached skill level 10 in Long Blades
 32013 | Lair:8   | Identified the +1 leather armour of Philately {-Cast Str+5 Int+3 SInv}
 32123 | Lair:8   | Found a staircase to the Slime Pits.
 33480 | Orc:1    | Entered Level 1 of the Orcish Mines
 33523 | Orc:1    | Found a roughly hewn altar of Beogh.
 33596 | Orc:1    | Found a flagged portal.
 33608 | Bailey   | Entered a bailey
 34292 | Bailey   | Gained mutation: You have very sharp fingernails. [potion of beneficial mutation]
 34293 | Bailey   | Reached XP level 16. HP: 96/96 MP: 24/27
 34300 | Bailey   | Learned a level 5 spell: Summon Mana Viper
 34971 | Orc:2    | Found a burning altar of Makhleb.
 35021 | Orc:2    | Noticed Psyche
 35041 | Orc:2    | Killed Psyche
 35726 | Orc:3    | Noticed Erolcha
 35754 | Orc:3    | Killed Erolcha
 35926 | Orc:4    | Entered Level 4 of the Orcish Mines
 36028 | Orc:4    | Noticed Nergalle
 36049 | Orc:4    | Killed Nergalle
 36058 | Orc:4    | Found a roughly hewn altar of Beogh.
 36060 | Orc:4    | Noticed Saint Roka
 36061 | Orc:4    | Noticed Urug
 36072 | Orc:4    | Killed Saint Roka
 36072 | Orc:4    | Reached XP level 17. HP: 101/101 MP: 9/27
 36089 | Orc:4    | Urug (ally) was killed
 36089 | Orc:4    | Your ally died
 36148 | Orc:4    | Found Skiub's Antique Armour Boutique.
 36392 | Orc:4    | Found a roughly hewn altar of Beogh.
 36687 | Orc:4    | Found Chuyguss' Book Boutique.
 36726 | Orc:4    | Found Feydipat's Antique Weapon Boutique.
 36760 | Orc:4    | Found Smidwiok's General Store.
 37352 | Orc:4    | Bought a book of Air for 525 gold pieces
 37352 | Orc:4    | Bought a book of Geomancy for 525 gold pieces
 37435 | Orc:3    | Hired Zulyplo the merfolk for 314 gold.
 37464 | Orc:3    | Found a staircase to the Elven Halls.
 37770 | Elf:1    | Entered Level 1 of the Elven Halls
 38105 | Elf:1    | Found Gajanaa's Book Shop.
 38114 | Elf:1    | Bought a book of Enchantments for 750 gold pieces
 38772 | Elf:1    | Noticed a caustic shrike
 38773 | Elf:1    | a caustic shrike changed into a sphinx
 38878 | Elf:2    | Found Heoppe Smei's Weapon Emporium.
 38918 | Elf:2    | Noticed Agnes
 38927 | Elf:2    | Banished Agnes
 39189 | Elf:2    | Found a frozen archway.
 39304 | IceCv    | Entered an ice cave
 40305 | IceCv    | Noticed an Ice Fiend
 40326 | IceCv    | Killed an Ice Fiend
 40341 | IceCv    | Identified the +1 pair of gloves of the Shore {+Twstr MP+9 Dex+3 SInv}
 40660 | Elf:2    | Identified the +0 buckler of Articulation {+Twstr rF+ MP+9}
 40759 | Elf:2    | Found a runed gate.
 40764 | Elf:2    | Found a runed gate.
 40765 | Elf:2    | Found a runed gate.
 40798 | Elf:2    | Reached skill level 5 in Spellcasting
 41096 | Elf:3    | Entered Level 3 of the Elven Halls
 41906 | Elf:3    | Your ally Zulyplo died
 41990 | Elf:3    | Noticed an Ice Fiend
 42690 | Elf:3    | Learned a level 5 spell: Silence
 42725 | Elf:3    | HP: 2/101 [deep elf blademaster/quick blade (11)]
 42725 | Elf:3    | Mangled by a deep elf blademaster

Action                   |  1- 3 |  4- 6 |  7- 9 | 10-12 | 13-15 | 16-18 || total
-------------------------+-------+-------+-------+-------+-------+-------++-------
Melee: Dagger            |   155 |   245 |   370 |   623 |  1071 |   145 ||  2609
       Falchion          |       |       |       |       |    35 |  1364 ||  1399
Throw: Throwing net      |       |       |       |     4 |       |       ||     4
 Cast: Ensorcelled Hiber |    15 |    61 |    84 |   176 |   194 |    12 ||   542
       Corona            |       |     1 |     1 |     1 |     1 |     1 ||     5
       Confuse           |       |       |    16 |    35 |    27 |     6 ||    84
       Enslavement       |       |       |     1 |    11 |    24 |    12 ||    48
       Invisibility      |       |       |       |       |    11 |     7 ||    18
       Summon Mana Viper |       |       |       |       |       |    38 ||    38
       Silence           |       |       |       |       |       |     1 ||     1
Invok: Scrying           |       |       |       |     1 |       |     1 ||     2
 Abil: End Transformatio |       |       |       |     2 |     1 |       ||     3
       Bat Form          |       |       |       |     2 |     1 |       ||     3
Evoke: Wand              |       |       |       |       |     5 |     8 ||    13
       Deck              |       |       |       |       |       |     4 ||     4
  Use: Potion            |     3 |       |     2 |     7 |     6 |    11 ||    29
       Scroll            |       |    10 |    15 |    24 |    26 |    13 ||    88
 Stab: Sleeping          |    18 |    43 |    92 |   167 |   279 |   107 ||   706
       Distracted        |       |     1 |     1 |     3 |    17 |    10 ||    32
       Confused          |       |       |    17 |    25 |    25 |     5 ||    72
       Invisible         |       |       |     1 |       |    22 |    31 ||    54
       Held in net/web   |       |       |       |     1 |       |       ||     1
       Betrayed ally     |       |       |       |       |     3 |     1 ||     4
  Eat: Corpse            |       |       |       |     1 |     2 |       ||     3
